 Dungeon Crawl Stone Soup version 0.32-a0-616-g9348d4545b (webtiles) character file.

Game seed: 17873721539594996442

288 jestert79 the Caller (level 6, -7/32 HPs)
             Began as a Tengu Summoner on Mar 5, 2024.
             Killed from afar by a white imp (12 damage)
             ... with a puff of frost
             ... on level 4 of the Dungeon.
             The game lasted 00:14:49 (3718 turns).

jestert79 the Caller (Tengu Summoner)               Turns: 3718, Time: 00:14:49

Health: -7/32      AC:  4    Str:  9    XL:     6   Next: 31%
Magic:  13/20      EV: 12    Int: 23    God:
Gold:   238        SH:  0    Dex: 14    Spells: 0/10 levels left

rFire   . . .        q - +5 dagger (venom)
rCold   . . .        (no shield)
rNeg    . . .        a - +0 robe
rPois   +            (helmet restricted)
rElec   .            n - +1 cloak {rPois}
rCorr   .            (no gloves)
SInv    .            (boots unavailable)
Will    .....        (no amulet)
Stlth   +            p - ring of magical power
HPRegen 0.25/turn    r - +6 ring of intelligence
MPRegen 0.17/turn

%: acrobat
@: silenced
A: beak, talons 3, acrobatic
a: no special abilities


You were on level 4 of the Dungeon.
You visited 1 branch of the dungeon, and saw 4 of its levels.

You collected 238 gold pieces.

Inventory:

Hand Weapons
 d - a +4 quarterstaff of chaos
 g - a +0 trident
 q - a +5 dagger of venom (weapon)
Missiles
 h - a throwing net
Armour
 a - a +0 robe (worn)
 n - a +1 cloak of poison resistance (worn)
Jewellery
 j - a ring of protection from cold
 p - a ring of magical power (left hand)
 r - a +6 ring of intelligence (right hand)
Wands
 e - a wand of warping (21)
Scrolls
 c - 3 scrolls of teleportation
 m - a scroll of noise {unknown}
 o - a scroll of poison {unknown}
 s - a scroll of identify {unknown}
 v - a scroll of fog {unknown}
 w - a scroll of blinking {unknown}
Potions
 b - 2 potions of magic
 i - 2 potions of heal wounds {unknown}
 k - 2 potions of curing
 l - a potion of resistance {unknown}
 t - a potion of mutation {unknown}
 u - a potion of cancellation {unknown}


   Skills:
 + Level 1.9 Short Blades
 - Level 2.1 Dodging
 - Level 3.0 Stealth
 + Level 2.6 Spellcasting
 + Level 7.7 Summonings


You couldn't memorise any spells.
You knew the following spells:

 Your Spells              Type           Power      Damage    Failure   Level
a - Summon Small Mammal   Summ           100%       N/A       1%          1
b - Call Imp              Summ           76%        N/A       1%          2
c - Call Canine Familiar  Summ           38%        N/A       1%          3
d - Summon Blazeheart Go  Fire/Summ      20%        N/A       24%         4

Your spell library contained the following spells:

 Spells                   Type           Power      Damage    Failure   Level
 Summon Lightning Spire   Summ/Air       20%        N/A       24%         4
 Inner Flame              Hex/Fire       3%         N/A       34%         3
 Flame Wave               Conj/Fire      3%         2d5       75%         4
 Sticky Flame             Fire/Alch      3%         2d4       75%         4


Dungeon Overview and Level Annotations

Branches:
Dungeon (4/15)
 Temple: D:4-7

Altars:
Elyvilon
Fedhas
Makhleb
Okawaru
Qazlal
Vehumet
The Shining One

Annotations:
D:3 exclusion: statue


Innate Abilities, Weirdness & Mutations

You have a beak for a mouth.
You have claws for feet.
You can magically evade attacks while moving or waiting.


Message History

Unknown command.
The white imp hits your quokka. The white imp freezes your quokka.
Your quokka dies!
Your quokka's corpse disappears in a puff of smoke!
Casting: Call Imp (safe; 1% risk of failure)
Confirm with . or Enter, or press ? or * to list all spells.
A tiny devil pulls itself out of the air.
Your cerulean imp disappears in a puff of smoke!
Casting: Call Imp (safe; 1% risk of failure)
Confirm with . or Enter, or press ? or * to list all spells.
Your cerulean imp misses the white imp.
You swap places.
The white imp shouts, "Slither away, thou pottle-deep bird-brained maggot-pie!"
The white imp hits your rat.
Your rat dies!
Your rat's corpse disappears in a puff of smoke!
Your cerulean imp hits the white imp but does no damage.
Aiming: Warp Space
Press: ? - help, Shift-Dir - straight line
Okay, then.
Unknown command.
Aiming: Warp Space
Press: ? - help, Shift-Dir - straight line
Okay, then.
Unknown command.
Unknown command.
The white imp shouts, "Crawl home, thou pribbling feather-brained erk!"
Unknown command.
Unknown command.
As you read the scroll labelled PONOCO VIE, it crumbles to dust.
A profound silence engulfs you.
It was a scroll of silence.
The ufetubus barely misses you.
The ufetubus hits you but does no damage.
The ufetubus hits you.
* * * LOW HITPOINT WARNING * * *
The ufetubus hits you.
* * * LOW HITPOINT WARNING * * *
The white imp gestures at you. The puff of frost hits you!
You die...

.≈~≈...♣...≈~≈...#
......♣♣♣.......##
.....♣♣ ♣♣.....##
♣♣.♣♣♣ ♣♣##...##
♣♣♣ ##.....##
##.......##
#.........#
+...).....+
#......@..#
##..§.555##
##....§## ##.§§##
♣ ##'## ♣. #.#
#.#.#########
#......55...#
#....####.....


You could see a white imp (unsilenced, ally target), an ufetubus and a friendly
cerulean imp (summoned).

Vanquished Creatures
  Crazy Yiuf (D:3)
  Ijyb (D:3)
  Robin (D:3)
  2 adders (D:3)
  A white imp (D:4)
  2 dart slugs
  3 ribbon worms (D:2)
  7 ball pythons
  5 endoplasms
  4 giant cockroaches
  7 goblins
  7 hobgoblins
  A quokka (D:3)
  8 bats
  A frilled lizard (D:1)
  7 kobolds
  6 rats
64 creatures vanquished.

Vanquished Creatures (collateral kills)
  A black bear (D:4)
  2 adders (D:2)
  A bat (D:1)
  An endoplasm (D:3)
  A giant cockroach (D:2)
  2 goblins (D:3)
  A hobgoblin (D:4)
  A quokka (D:2)
  3 kobolds
  4 rats
17 creatures vanquished.

Grand Total: 81 creatures vanquished

Notes
Turn   | Place    | Note
-------+----------+-------------------------------------------
     0 | D:1      | jestert79 the Tengu Summoner began the quest for the Orb.
     0 | D:1      | Reached XP level 1. HP: 10/10 MP: 4/4
   123 | D:1      | Reached skill level 5 in Summonings
   124 | D:1      | Upgraded the game from 0.32-a0-612-g1c984fe9d1 to
                  | 0.32-a0-616-g9348d4545b
   178 | D:1      | Reached XP level 2. HP: 15/15 MP: 6/6
   423 | D:1      | Found a faded altar of an unknown god.
   614 | D:1      | Reached XP level 3. HP: 16/19 MP: 7/7
   617 | D:1      | Learned a level 2 spell: Call Imp
   621 | D:1      | Learned a level 3 spell: Call Canine Familiar
  1775 | D:2      | Reached skill level 6 in Summonings
  1801 | D:2      | Reached XP level 4. HP: 24/24 MP: 6/8
  2203 | D:3      | Noticed Robin
  2203 | D:3      | Noticed Ijyb
  2464 | D:3      | Found a runed translucent door.
  2464 | D:3      | Noticed Crazy Yiuf
  2489 | D:3      | Killed Crazy Yiuf
  2577 | D:3      | Reached XP level 5. HP: 26/28 MP: 6/9
  2660 | D:3      | Reached skill level 7 in Summonings
  2754 | D:3      | Found a radiant altar of Vehumet.
  2756 | D:3      | Noticed a charred statue
  2778 | D:3      | Killed Robin
  2898 | D:3      | Found a stormy altar of Qazlal.
  2908 | D:3      | Found a burning altar of Makhleb.
  2911 | D:3      | Found a glowing golden altar of the Shining One.
  2919 | D:3      | Found an iron altar of Okawaru.
  2984 | D:3      | Killed Ijyb
  3181 | D:3      | Found a blossoming altar of Fedhas.
  3388 | D:4      | Noticed a black bear
  3398 | D:4      | Killed a black bear
  3399 | D:4      | Reached skill level 1 in Short Blades
  3399 | D:4      | Reached XP level 6. HP: 14/32 MP: 10/10
  3489 | D:4      | Learned a level 4 spell: Summon Blazeheart Golem
  3645 | D:4      | Found a white marble altar of Elyvilon.
  3703 | D:4      | HP: 1/32 [white imp/puff of frost (10)]
  3718 | D:4      | Killed from afar by a white imp

Illustrated notes

Levels and vault maps discovered:
D:1:      dpeg_arrival_subterranean_lakeside_camping, layout_loops_ring,
          dilly_ecumenical_altar_fadedgnrine, kennysheep_flooded_box,
          minmay_octomino_j4
D:2:      layout_basic
D:3:      layout_basic, vehumet_statue, fedhas_ov_isle_minmay, minitemple,
          interstate_on_off, nicolae_goblin_pals, uniq_crazy_yiuf_cottage
D:4:      layout_loops_corners, elyvilon_altar_3, serial_demonic,
          serial_demonic_f, serial_demonic_d, serial_demonic_e,
          serial_demonic_c, uniq_robin

Skill      XL: |  1  2  3  4  5 |
---------------+----------------+-----
Summonings     | 5 6 7 |  7.7
Stealth        | 3 |  3.0
Short Blades   | 1 |  1.9
Dodging        | |  2.1
Spellcasting   | |  2.6

Action                     |  1- 3 |  4- 6 || total
---------------------------+-------+-------++-------
  Melee: Dagger            |    93 |    96 ||   189
         Unarmed           |     8 |       ||     8
         Kick              |    15 |    25 ||    40
         Peck              |     7 |    22 ||    29
   Cast: Summon Small Mamm |    11 |    10 ||    21
         Call Imp          |     8 |    13 ||    21
    Use: Potion            |       |     3 ||     3
         Scroll            |       |     2 ||     2
   Stab: Sleeping          |    12 |     3 ||    15
 Armour: Robe              |    56 |    53 ||   109
  Dodge: Dodged            |   101 |    58 ||   159

Table legend: (Time is in decaauts)
 A = Elapsed time spent in this place.
 B = Non-inter-level travel time spent in this place.
 C = Inter-level travel time spent in this place.
 D = Time resting spent in this place.
 E = Time spent auto-exploring this place.
 F = Levels seen in this place.
 G = Mean time per level.
                   A        B        C        D        E       F      G
               +--------+--------+--------+--------+--------+-----+--------+
         Total |   3713 |   3597 |    116 |    540 |   1935 |   4 |  928.2 |
       Dungeon |   3713 |   3597 |    116 |    540 |   1935 |   4 |  928.2 |
               +--------+--------+--------+--------+--------+-----+--------+

Top non-repeatable levels by time:
     D:2: 1328 daAuts
     D:3: 1138 daAuts
     D:1: 918 daAuts
     D:4: 328 daAuts
